 Dungeon Crawl Stone Soup version 0.28.0-45-g0d030f2227 (webtiles) character file.

Game seed: 9270577998869429482

29 firemarshallily the Skirmisher (level 3, -2/29 HPs)
             Began as a Demonspawn Fighter on Apr 24, 2022.
             Was a High Priest of Ignis.
             Frozen to death by an endoplasm (5 damage)
             ... on level 2 of the Dungeon.
             The game lasted 00:05:39 (1192 turns).

firemarshallily the Skirmisher (Demonspawn Fighter) Turns: 1192, Time: 00:05:40

Health: -2/29      AC:  6    Str: 18    XL:     3   Next: 1%
Magic:  3/3        EV:  9    Int:  9    God:    Ignis [*****.]
Gold:   10         SH:  4    Dex: 12    Spells: 2/2 levels left

rFire   + . .      SeeInvis .   a - +0 war axe (vorpal)
rCold   . . .      Faith    .   c - +0 buckler
rNeg    . . .      Spirit   .   b - +0 scale mail
rPois   .          Reflect  .   (no helmet)
rElec   .          Harm     .   (no cloak)
rCorr   .          Rampage  .   (no gloves)
Will    .....                   (no boots)
Stlth   ..........              j - amulet of the acrobat
HPRegen 0.09/turn               i - ring of flight
MPRegen 0.08/turn               (no ring)

@: mighty, flying
A: demonic magic 1
a: Renounce Religion, Fiery Armour, Foxfire Swarm, Rising Flame


You were on level 2 of the Dungeon.
You worshipped Ignis.
Ignis was extremely pleased with you.
You visited 1 branch of the dungeon, and saw 2 of its levels.

You collected 10 gold pieces.

Inventory:

Hand Weapons
 a - a +0 vorpal war axe (weapon)
Missiles
 l - 2 stones (quivered)
Armour
 b - a +0 scale mail (worn)
 c - a +0 buckler (worn)
Jewellery
 i - a ring of flight (left hand)
 j - an amulet of the acrobat (around neck)
Scrolls
 h - a scroll of fear {unknown}
 k - a scroll of identify {unknown}
Potions
 e - a potion of attraction {unknown}
 f - a potion of cancellation {unknown}
 g - a potion of curing {unknown}


   Skills:
 * Level 3.3 Fighting
 * Level 2.3 Axes
 + Level 0.3 Throwing
 + Level 2.9 Armour
 + Level 2.9 Shields


You had 2 spell levels left.
You didn't know any spells.
Your spell library was empty.

Dungeon Overview and Level Annotations

Branches:
Dungeon (2/15)

Altars:
Ignis


Innate Abilities, Weirdness & Mutations

Spells you cast may paralyse adjacent enemies.


Message History

The endoplasm quivers.
The stone hits Terence but does no damage.
Throw: 3 stones
Press: ? - help, Q - select action Shift-Dir - straight line, f/p - Terence
Aim: Terence, wielding a +1 hand axe of freezing and wearing a +0 chain mail (65% to hit)
You throw a stone.
The stone hits Terence but does no damage.
You hit Terence but do no damage.
Terence hits you with a +1 hand axe of freezing.
Terence freezes you.
You barely miss Terence.
Terence hits you with a +1 hand axe of freezing.
Terence freezes you.
Terence hits you with a +1 hand axe of freezing!
Terence freezes you.
You feel very mighty all of a sudden. Terence barely misses you.
You slash Terence!
Terence is moderately wounded.
You block Terence's attack.
You slash Terence!
Terence is almost dead.
Terence hits you with a +1 hand axe of freezing.
* * * LOW HITPOINT WARNING * * *
Terence freezes you.
* * * LOW HITPOINT WARNING * * *
You block Terence's attack.
You closely miss Terence.
Terence is almost dead.
A ball python comes into view.
Terence hits you with a +1 hand axe of freezing.
* * * LOW HITPOINT WARNING * * *
Terence freezes you.
* * * LOW HITPOINT WARNING * * *
The ball python hisses angrily.
You slash Terence!
You kill Terence!
The endoplasm freezes you.
You are frozen.
You die...

#. #.# #.# #.# #
#.# #.###
#.########
....###
#.........
...S..#######.)#
# #..J@......#
#.##.#..######.##
#..((...# #..#
#.##.#..# ##.# #
#.[# #.# #..# #†#
.... ##.## .....
#..<# #.##..
#...)....#


You could see an endoplasm and a ball python.

Vanquished Creatures
  Terence (D:2)
  3 dart slugs
  A bat (D:1)
  A giant cockroach (D:1)
  2 goblins (D:1)
  A hobgoblin (D:1)
  6 kobolds
  A quokka (D:1)
  3 ball pythons
  2 frilled lizards (D:1)
  2 rats (D:1)
23 creatures vanquished.

Notes
Turn   | Place    | Note
-------+----------+-------------------------------------------
     0 | D:1      | firemarshallily the Demonspawn Fighter began the quest for
                  | the Orb.
     0 | D:1      | Reached XP level 1. HP: 18/18 MP: 1/1
   299 | D:1      | Gained mutation: Spells you cast may paralyse adjacent
                  | enemies. [demonic ancestry]
   299 | D:1      | Reached XP level 2. HP: 24/24 MP: 2/2
   391 | D:1      | Found a faded altar of an unknown god.
   429 | D:1      | Prayed at the altar of an unknown god.
   429 | D:1      | Became a worshipper of Ignis, the Dying Flame
  1055 | D:2      | Reached XP level 3. HP: 20/29 MP: 3/3
  1179 | D:2      | Noticed Terence
  1192 | D:2      | Killed Terence
  1192 | D:2      | Frozen to death by an endoplasm

Illustrated notes

Levels and vault maps discovered:
D:1:      heliophobic_arrival_battle_scene, layout_loops_corners,
          hellmonk_ecumenical_altar_arch_garden
D:2:      layout_loops_ring, uniq_terence

Skill      XL: |  1 |
---------------+----+-----
Axes           | 2 |  2.3
Fighting       | |  3.3
Throwing       | |  0.3
Armour         | |  2.9
Shields        | |  2.9

Action                   || total
-------------------------++-------
Melee: War axe           ||    72
Throw: Stone             ||     2
  Use: Scroll            ||     1
       Potion            ||     1
Armor: Scale mail        ||    26
Dodge: Dodged            ||    28
Block: Buckler           ||    28
